 Dungeon Sprint DCSS version 0.24-a0-616-ge2a249a6fd (webtiles) character file.

Game seed: 4130156828267320895, levelgen mode: deterministic

32 MordorOrchid the Ruffian (level 3, -8/33 HPs)
             Began as a Troll Transmuter on Sept 14, 2019.
             Mangled by an ogre
             ... wielding a +0 giant spiked club
              (15 damage)
             ... in the Dungeon (Sprint IX: "|||||||||||||||||||||||||||||").
             The game lasted 00:00:48 (55 turns).

MordorOrchid the Ruffian (Troll Transmuter)           Turns: 55, Time: 00:00:49

Health: -8/33      AC:  6    Str: 18    XL:     3   Next: 10%
Magic:  2/4        EV: 10    Int: 10    God:
Gold:   0          SH:  0    Dex: 10    Spells: 4/5 levels left

rFire    . . .     SeeInvis .     - Unarmed
rCold    . . .     Gourm    +   (no shield)
rNeg     . . .     Faith    .   b - +0 robe
rPois    .         Spirit   .   (helmet restricted)
rElec    .         Reflect  .   (no cloak)
rCorr    .         Harm     .   (gloves unavailable)
MR       .....     NoTele   +   (boots unavailable)
Stlth    +.........             (no amulet)
HPRegen  0.51/turn              (no ring)
MPRegen  0.09/turn              (no ring)

@: appendage
A: large, unfitting armour, claws 3, talons 3, fast metabolism 3, gourmand,
regeneration 1, shaggy fur 1, tough skin 3
a: End Transformation


You were in the Dungeon.
You were not hungry.
You had grown temporary talons.
You visited 1 branch

Inventory:

Missiles
 a - 12 arrows
 c - 3 stones (quivered)
Armour
 b - a +0 robe (worn)
Scrolls
 j - a scroll of blinking
Potions
 e - a potion of curing
 f - a potion of heal wounds
 g - a potion of haste
 h - 2 potions of magic
 i - a potion of berserk rage
Comestibles
 d - 2 rations


   Skills:
 * Level 1.4 Fighting
 * Level 2.2 Dodging
 + Level 5.8 Unarmed Combat
 * Level 1.6 Spellcasting
 * Level 1.9 Transmutations


You had 4 spell levels left.
You knew the following spells:

 Your Spells              Type           Power        Failure   Level  Hunger
a - Beastly Appendage     Tmut           #.....       14%         1    ##.....

Your spell library contained the following spells:

 Spells                   Type           Power        Failure   Level  Hunger
 Sticks to Snakes         Tmut           #.......     22%         2    ###....
 Spider Form              Tmut/Pois      #.........   54%         3    ####...
 Ice Form                 Ice/Tmut       #.......     91%         4    #####..
 Blade Hands              Tmut           #.........   99%         5    ######.


Dungeon Overview and Level Annotations

Branches:
Dungeon (1/1)

Altars:


Innate Abilities, Weirdness & Mutations

You are too large for most types of armour.
You have claws for hands.
Your metabolism is lightning-fast.
You like to eat raw meat.
Your natural rate of healing is unusually fast.
You are covered in fur. (AC +1)
You have extremely tough skin. (AC +3)
You have claws for feet.


Message History

You claw the adder!
You kill the adder!
You have reached level 3!
Your experience leads to an increase in your attributes!
Increase (S)trength, (I)ntelligence, or (D)exterity?
You feel clever.
You feel stronger.
Things that are here:
a +0 club; a kobold corpse
There is an open door to the Dungeon here.
Casting: Beastly Appendage (safe; 14% risk of failure)
Confirm with . or Enter, or press ? or * to list all spells.
Your feet morph into talons.
The ogre hits you with a +0 giant spiked club!!
Ouch! That really hurt!
* * * LOW HITPOINT WARNING * * *
You closely miss the ogre. Your kick misses the ogre.
You closely miss the ogre. You claw the ogre.
The ogre is lightly wounded.
The ogre hits you with a +0 giant spiked club!
You die...

▓▓▓
▓<▓
▓.▓
▓@▓
▓O▓
▓'▓
▓.▓
▓)▓
▓.▓
▓.▓
▓.▓
▓)▓


You could see an ogre.

Vanquished Creatures
  2 adders (D)
  An ooze (D)
  2 orcs (D)
  A goblin (D)
  2 kobolds (D)
  A bat (D)
9 creatures vanquished.

Notes
Turn   | Place    | Note
-------+----------+-------------------------------------------
     0 | D        | MordorOrchid the Troll Transmuter began the quest for the
                  | Orb.
     0 | D        | Reached XP level 1. HP: 18/18 MP: 1/1
     7 | D        | Reached skill level 4 in Unarmed Combat
    13 | D        | Reached skill level 5 in Unarmed Combat
    13 | D        | Reached XP level 2. HP: 26/26 MP: 0/2
    27 | D        | Noticed an ogre
    33 | D        | Reached skill level 1 in Fighting
    45 | D        | Reached XP level 3. HP: 21/33 MP: 2/4
    55 | D        | Mangled by an ogre

Levels and vault maps discovered:
D:        linesprint [early_d, line_temple, items_1, d_10, items_2, lair_1,
          lair_end, items_3, orc_1, orc_end, items_4, d_15, swamp_1, shoals_1,
          snake_1, spider_1, d_20, vaults_1, items_5, swamp_end, shoals_end,
          snake_end, spider_end, vaults_end, d_27, items_6, zot_1, zot_end,
          crypt_end, forest_end, elf_end, slime_end, tomb_end, abyss_end,
          pan_hell_end]

Skill      XL: |  1  2 |
---------------+-------+-----
Unarmed Combat | 5 |  5.8
Fighting       | 1 |  1.4
Dodging        | 2 |  2.2
Spellcasting   | |  1.6
Transmutations | |  1.9

Action                   || total
-------------------------++-------
Melee: Unarmed           ||    32
       Headbutt          ||     2
       Kick              ||     3
       Punch             ||     1
 Cast: Beastly Appendage ||     3
Armor: Robe              ||     9
Dodge: Dodged            ||    11

Table legend:
 A = Non-vault XP
 B = Vault XP
 C = Vault XP percentage of total XP
 D = Non-vault monster count
 E = Vault monster count
 F = Vault count percentage of total count
                 A         B        C        D         E       F
            +---------+---------+-------+---------+---------+-------
      Total |       0 |      47 | 100.0 |       0 |       9 | 100.0
            +---------+---------+-------+---------+---------+-------
          D |       0 |      47 | 100.0 |       0 |       9 | 100.0
            +---------+---------+-------+---------+---------+-------
